 Dungeon Crawl Stone Soup version 0.21-a0-128-gf2b353c (webtiles) character file.

467283 Host24 the Sniper (level 25, -7/190 HPs)
             Began as a Kobold Hunter on July 16, 2017.
             Was the Champion of Okawaru.
             Mangled by an ice dragon (10 damage)
             ... summoned by a glowing orange brain
             ... on level 4 of the Depths.
             The game lasted 05:17:37 (61684 turns).

Host24 the Sniper (Kobold Hunter)                  Turns: 61684, Time: 05:17:37

Health: -7/190     AC: 16    Str: 17    XL:     25   Next: 83%
Magic:  35/36      EV: 37    Int: 17    God:    Okawaru [******]
Gold:   4600       SH:  4    Dex: 19    Spells: 37/42 levels left

rFire    + + .     SeeInvis +   w - +3 triple crossbow (velocity)
rCold    . . .     Gourm    .   (shield currently unavailable)
rNeg     . . .     Faith    .   t - +0 steam dragon scales
rPois    +         Spirit   .   c - +2 hat
rElec    .         Reflect  .   b - +1 cloak {rF+}
rCorr    .         Harm     .   Y - +0 pair of gloves {archery}
MR       ++...                  r - +1 pair of boots {run}
Stlth    +++++++...             F - amulet of Vitality {Regen+ HP+15}
HPRegen  0.81/turn              g - ring of protection from magic
MPRegen  0.25/turn              T - ring of see invisible

@: heroism, flayed, hasted, very quick
A: large bone plates 1, carnivore 3, clever 1, fire resistance 1, poison
resistance, screaming 1, strong 1
}: 2/15 runes: decaying, serpentine
a: Heroism, Finesse, Renounce Religion


You were on level 4 of the Depths.
You worshipped Okawaru.
Okawaru was exalted by your worship.
You were full.

You visited 7 branches of the dungeon, and saw 39 of its levels.
You also visited: Sewer, Bailey and Volcano.

You collected 4875 gold pieces.
You spent 275 gold pieces at shops.

Inventory:

Hand Weapons
 j - a +7 quick blade
 k - a +4 blowgun
 w - a +3 triple crossbow of velocity (weapon)
Missiles
 d - 808 bolts (quivered)
Armour
 b - a +1 cloak of fire resistance (worn)
 c - a +2 hat (worn)
 r - a +1 pair of boots of running (worn)
 t - +0 steam dragon scales (worn)
 Y - a +0 pair of gloves of archery (worn)
Magical Staves
 m - an uncursed staff of air {unknown}
Jewellery
 g - a ring of protection from magic (left hand)
 F - the amulet of Vitality (around neck) {Regen+ HP+15}
   (You found it on level 4 of the Swamp)

   [amulet of regeneration]

   It affects your health (+15).
   It increases your rate of regeneration.
 I - an uncursed ring of resist corrosion
 N - an uncursed ring of ice
 T - a ring of see invisible (right hand)
Wands
 e - a wand of digging (10/24)
 P - a wand of acid (7/15)
Scrolls
 i - a scroll of blinking
 l - 5 scrolls of magic mapping
 v - 2 scrolls of fear
 x - 6 scrolls of immolation
 B - 3 scrolls of fog
 C - 2 scrolls of silence
 E - 12 scrolls of teleportation
Potions
 n - 2 potions of cancellation
 p - 9 potions of curing
 H - a potion of resistance
 J - 2 potions of haste
 O - 5 potions of might
 X - 3 potions of heal wounds
 Z - 3 potions of agility
Miscellaneous
 f - 2 phantom mirrors
 h - a fan of gales
 o - a lamp of fire
 q - a crystal ball of energy
 M - a sack of spiders
Comestibles
 a - 17 meat rations


   Skills:
 - Level 22.5(27) Fighting
 - Level 1.0(6.0) Short Blades
   Level 0.1(8.3) Axes
   Level 6.0(11.0) Maces & Flails
 + Level 24.1(27) Crossbows
 - Level 7.0(12.0) Armour
 - Level 21.0(26.0) Dodging
 - Level 14.0(19.0) Stealth
 - Level 9.0 Spellcasting
 - Level 8.0 Charms
 - Level 9.0 Ice Magic
 - Level 7.0 Invocations


You had 37 spell levels left.
You knew the following spells:

 Your Spells              Type           Power        Failure   Level  Hunger
a - Ozocubu's Armour      Chrm/Ice       #####...     1%          3    None
b - Swiftness             Chrm/Air       ###.....     2%          2    None


Dungeon Overview and Level Annotations

Branches:
Dungeon (15/15)            Temple (0/1) D:5            Lair (6/6) D:11
  Swamp (4/4) Lair:3        Snake (4/4) Lair:2        Slime (0/5) Lair:5
    Orc (2/2) D:9             Elf (0/3) Orc:2        Vaults (4/5) D:14
  Crypt (0/3) Vaults:2     Depths (4/5) D:15

Altars:
Ashenzari
Dithmenos
Kikubaaqudgha
Makhleb
Nemelex Xobeh
Okawaru
Ru
Uskayaw
Yredelemnul
Zin
The Shining One
Beogh

Shops:
D:5 (   D:14 *   Orc:2 [*[}   Vaults:3 [   Vaults:4 =

Portals:
Hell: Depths:1 Depths:2 Depths:3 Depths:4
Abyss: Depths:4
Pandemonium: Depths:3
Ziggurat: Depths:2
Trove: D:14 (give horn of Geryon)

Annotations:
Orc:2 Rupert


Innate Abilities, Weirdness & Mutations

You are small and have problems with some larger weapons.
You are carnivorous and can eat meat at any time.
You are partially covered in large bone plates. (SH +4)
Your mind is acute. (Int +2)
Your flesh is heat resistant. (rF+)
Your system is resistant to poisons. (rPois)
You occasionally shout uncontrollably at your foes.
Your muscles are strong. (Str +2)


Message History

* * * LOW HITPOINT WARNING * * *
The air elemental completely misses you.
The air elemental misses you. The air elemental closely misses you.
The flayed ghost cries, "Feel what I felt!"
The stone giant closely misses you. The ice dragon barely misses you.
The ice dragon completely misses you. x2
The air elemental completely misses you.
The air elemental barely misses you.
You feel yourself speed up.
The air elemental completely misses you.
The air elemental misses you.
The deep troll shaman calls upon its god to speed up the deep troll.
The deep troll seems to speed up.
The air elemental hits you.
* * * LOW HITPOINT WARNING * * *
The flayed ghost closely misses you. The air elemental misses you.
The stone giant hits you!!
* * * LOW HITPOINT WARNING * * *
The ice dragon misses you. The ice dragon completely misses you.
The ice dragon tramples you!
You die...

*,,,,,,,**..,,........§§≈≈≈≈≈≈≈≈.
,,,,≈≈≈,*.....,.......T≈§§§≈≈≈...
,,,,,,,,,.....,#.#....≈C≈§§≈≈....
,,,,,,,,,.....##.##..D^....§.....
,,,,,,,,,^........##......§.....,
*,,,,,,,,..........(..O......##**
,,,,,,,,,.......T.≈≈≈≈...y.(D.#*
,,,,,,,,,.......DWT.≈.§§...#y.y#*
,,,,,,,,,......(@CG...≈....##...#
,,,,,,,,,.^.....EE...§§....#*#..W
,,,,,,,,,...........$...≈≈.# *#D.
,,,,,,,,,.....≈§..§......≈≈# *#.
,,,,,,,,,^..^.≈≈§§......≈≈.# *#
,,,,,,^.^.....≈§.........$.# *
**,,,,......†....≈.≈.§§(.§≈#
**,,,.....§§....≈§(.§§≈≈§≈# *
***,....(≈≈(≈.§§..>..≈§§§# **


You could see a juggernaut, a golden dragon, an ice dragon, an iron troll, a
stone giant, a flayed ghost, a glowing orange brain, an ogre mage, a deep troll,
a deep troll shaman and 2 air elementals.

Vanquished Creatures
  A juggernaut (Depths:2)
  Bai Suzhen (Swamp:4)
  2 tentacled monstrosities
  2 titans
  Frances (Swamp:1)
  Gastronok (D:12)
  A sphinx (Vaults:1)
  Kirke (Snake:4)
  2 thorn hunters
  A tengu reaver (Vaults:3)
  10 nagarajas
  A large abomination (Vaults:1)
  Roxanne (Swamp:4)
  3 fire giants
  6 frost giants
  A ghost moth (shapeshifter) (Depths:3)
  3 orc warlords
  Louise (Swamp:3)
  Aizul (Depths:2)
  9 vault wardens
  17 ironheart preservers
  A spriggan defender (Depths:2)
  9 stone giants
  22 very ugly things
  A vampire knight (Depths:2)
  4 war gargoyles (Depths:3)
  2 entropy weavers
  3 deep elf demonologists
  A deep elf annihilator (Vaults:4)
  4 spark wasps
  2 deep elf death magi
  A blizzard demon (Depths:3)
  5 ettins
  7 fire dragons
  11 crystal guardians (Depths:3)
  3 jiangshi (Depths:1)
  The ghost of Raine357 the Covert, a journeyman SpEn of Fedhas (Volcano)
  5 yaktaur captains
  An ice dragon (shapeshifter) (Depths:3)
  3 ice dragons
  2 rakshasas
  2 great orbs of eyes
  11 ogre magi
  A spriggan air mage (Depths:3)
  12 vault guards
  Fannar (D:11)
  16 naga warriors
  22 hydras
  2 ghost crabs
  7 centaur warriors
  The ghost of plsesad the Fighter, a journeyman HaHu of Okawaru (D:13)
  Erica (Orc:1)
  A catoblepas (shapeshifter) (Depths:3)
  A death knight (Vaults:3)
  5 anacondas
  7 alligators
  A satyr (shapeshifter) (Depths:3)
  49 two-headed ogres
  16 dancing weapons (Depths:3)
  An alligator (shapeshifter) (Depths:3)
  A hell hog (Volcano)
  3 deep troll shamans
  A vampire mage (Depths:1)
  16 death yaks
  2 tengu warriors
  10 deep troll earth magi
  3 orc high priests (Orc:2)
  8 shock serpents
  2 spriggan berserkers (Swamp:4)
  9 deep elf knights
  8 naga sharpshooters
  4 salamander mystics
  An iron troll (Depths:1)
  A fire crab (Volcano)
  3 flayed ghosts
  7 glowing orange brains
  A death drake (shapeshifter) (Depths:3)
  4 unseen horrors
  6 skeletal warriors (Vaults:2)
  A swamp dragon (shapeshifter) (Depths:2)
  The ghost of Kaishin the Frost Mage, a novice DsIE (Bailey)
  18 swamp dragons
  9 sea snakes (Snake:4)
  6 deep elf archers
  17 deep trolls
  A shambling mangrove (Swamp:4)
  4 wizards
  2 naga ritualists (Snake:4)
  A tengu zombie (Vaults:2)
  An orange crystal statue (Depths:3)
  4 spriggan druids (Swamp:3)
  The ghost of ultrashaft the Destroyer, a novice DEFE of Sif Muna (D:8)
  3 phantasmal warriors
  15 ironbrand convokers
  2 obsidian statues (Depths:3)
  2 mana vipers (Snake:4)
  2 manticores
  19 orc knights
  8 orc sorcerers
  46 ugly things
  23 deep elf magi
  A stone giant zombie (Depths:2)
  A shining eye (shapeshifter) (Depths:2)
  2 human zombies (Vaults:4)
  4 necromancers
  6 wolf spiders
  5 oklob plants
  A wolf spider zombie (D:14)
  A frost giant zombie (Vaults:2)
  6 cyclopes
  10 salamanders
  17 black mambas
  Joseph (D:9)
  Maurice (D:8)
  An elephant (shapeshifter) (Depths:3)
  4 molten gargoyles
  2 centaur zombies
  10 guardian serpents
  11 vault sentinels
  6 elephants (Lair:3)
  A fire giant skeleton (Vaults:2)
  A stone giant skeleton (Vaults:2)
  15 naga magi
  20 spiny frogs
  A smoke demon (Depths:1)
  A spriggan zombie (Depths:2)
  3 gargoyles
  2 torpor snails
  12 rime drakes
  24 yaktaurs
  2 yaktaurs (shapeshifter)
  A yaktaur zombie (Vaults:4)
  6 freezing wraiths
  8 komodo dragons
  2 hellwings (Depths:1)
  3 tengu conjurers
  A yaktaur skeleton (Vaults:2)
  A queen bee (D:8)
  8 trolls
  4 meliai
  A meliai (shapeshifter) (Depths:3)
  A polar bear (shapeshifter) (D:14)
  A troll (shapeshifter) (Vaults:3)
  11 hornets
  5 polar bears (Lair:6)
  2 tyrant leeches
  9 bog bodies
  26 slime creatures
  3 hippogriffs (shapeshifter)
  23 blink frogs
  3 human simulacra
  A raiju (shapeshifter) (D:15)
  5 dream sheep
  11 hippogriffs
  8 air elementals (Depths:3)
  A frost giant simulacrum (Vaults:2)
  A shadow (D:13)
  4 water elementals (Depths:3)
  A redback (shapeshifter) (Depths:1)
  19 spriggans
  4 wyverns
  A yak (shapeshifter) (Vaults:2)
  A vampire (D:13)
  A redback (Vaults:3)
  A wyvern (shapeshifter) (Depths:3)
  2 wraiths
  8 fire bats
  A hog (shapeshifter) (Vaults:3)
  52 yaks
  2 basilisks
  A hog (Snake:4)
  8 vampire mosquitoes
  8 fire elementals
  A redback simulacrum (D:15)
  14 steam dragons
  2 hungry ghosts
  4 wargs
  Menkaure (D:4)
  A deep troll zombie (Vaults:2)
  2 swamp worms (shapeshifter) (Depths:3)
  22 insubstantial wisps
  3 acid dragons
  19 swamp worms
  2 hell hounds
  45 nagas
  17 water moccasins
  A deep troll skeleton (Vaults:2)
  A floating eye (shapeshifter) (Depths:3)
  11 porcupines
  57 orc warriors
  A hornet zombie (D:8)
  3 black bears
  9 swamp drakes
  2 sky beasts
  Purgy (Sewer)
  4 phantoms
  5 ice beasts
  A necrophage (D:8)
  22 boggarts
  An eye of draining (D:13)
  24 ogres
  45 wolves
  15 centaurs
  An elf skeleton (Vaults:2)
  2 big kobolds
  An orc skeleton (Vaults:2)
  12 crocodiles
  7 earth elementals (Depths:3)
  A gnoll sergeant (D:13)
  14 bullfrogs
  A deep troll simulacrum (Vaults:2)
  A water moccasin skeleton (D:9)
  11 human skeletons
  2 wyvern skeletons
  5 scorpions
  30 killer bees
  3 wights (D:10)
  8 howler monkeys
  5 crimson imps
  4 bullfrog zombies
  13 hounds
  6 lava snakes (Volcano)
  A quasit (D:7)
  A gnoll shaman (D:7)
  5 centaur skeletons
  9 jellies
  18 orc priests
  32 orc wizards
  3 bullfrog skeletons
  2 iguanas
  13 worker ants
  A hound zombie (D:8)
  A howler monkey zombie (D:10)
  3 worker ant zombies
  A howler monkey skeleton (D:5)
  14 adders
  24 gnolls
  5 shadow imps
  A white imp (Vaults:3)
  2 oozes (Lair:5)
  An adder zombie (D:8)
  2 adder skeletons
  5 ball lightnings (Depths:3)
  3 dart slugs
  12 leopard geckos
  123 orcs
  5 ball pythons
  4 giant cockroaches
  26 goblins
  20 hobgoblins
  9 quokkas
  6 bats
  13 frilled lizards
  A jackal zombie (D:5)
  15 kobolds
  8 rats
  A butterfly (Lair:2)
  3 crawling corpses (Vaults:1)
1875 creatures vanquished.

Vanquished Creatures (others)
  A glowing orange brain (Depths:3)
  2 wind drakes (Depths:3)
  A water elemental (Depths:3)
  3 humans (Snake:4)
  A water moccasin (Lair:5)
  An orc warrior (Vaults:1)
  5 ball lightnings (Depths:3)
  An orc (Vaults:1)
  2 fungi (Lair:6)
  5 plants (Lair:2)
22 creatures vanquished.

Grand Total: 1897 creatures vanquished

Notes
Turn   | Place    | Note
-------+----------+-------------------------------------------
     0 | D:1      | Host24 the Kobold Hunter began the quest for the Orb.
     0 | D:1      | Reached XP level 1. HP: 12/12 MP: 1/1
    64 | D:1      | Reached skill level 5 in Crossbows
   257 | D:1      | Reached XP level 2. HP: 13/17 MP: 2/2
  1188 | D:1      | Reached XP level 3. HP: 22/22 MP: 3/3
  1595 | D:2      | Reached skill level 1 in Short Blades
  1755 | D:2      | Reached XP level 4. HP: 23/27 MP: 4/4
  1959 | D:2      | Reached skill level 6 in Crossbows
  2368 | D:3      | Reached XP level 5. HP: 17/32 MP: 5/5
  3719 | D:4      | Reached XP level 6. HP: 31/38 MP: 6/6
  3979 | D:4      | Noticed Menkaure
  3983 | D:4      | Killed Menkaure
  3983 | D:4      | Reached skill level 5 in Fighting
  3983 | D:4      | Reached XP level 7. HP: 44/44 MP: 7/7
  4012 | D:4      | Found a sparkling altar of Nemelex Xobeh.
  4917 | D:4      | Found an iron altar of Okawaru.
  4925 | D:4      | Became a worshipper of Warmaster Okawaru
  4941 | D:4      | Reached skill level 7 in Crossbows
  5271 | D:5      | Entered Level 5 of the Dungeon
  5332 | D:5      | Reached skill level 5 in Dodging
  5389 | D:5      | Found Tityrphudec's Weapon Shop.
  5432 | D:5      | Reached XP level 8. HP: 11/52 MP: 8/8
  5696 | D:5      | Found a hide-covered altar of Uskayaw.
  5716 | D:5      | Noticed a hand axe
  5810 | D:5      | Found a staircase to the Ecumenical Temple.
  6063 | D:5      | Noticed a dagger
  6303 | D:6      | Reached skill level 1 in Invocations
  6476 | D:6      | Found a glowing drain.
  6627 | Sewer    | Entered a sewer
  6738 | Sewer    | Noticed Purgy
  6746 | Sewer    | Killed Purgy
  6746 | Sewer    | Reached * piety under Okawaru
  7869 | D:7      | Reached skill level 5 in Invocations
  7893 | D:7      | Reached skill level 10 in Crossbows
  7893 | D:7      | Reached XP level 9. HP: 20/61 MP: 12/12
  7901 | D:7      | Reached XP level 10. HP: 20/66 MP: 13/13
  7934 | D:7      | HP: 2/66 [bullfrog (6)]
  8491 | D:7      | Reached skill level 10 in Dodging
  9474 | D:7      | Reached ** piety under Okawaru
 10068 | D:7      | Found a basalt altar of Yredelemnul.
 10247 | D:7      | Found a glowing golden altar of the Shining One.
 10247 | D:7      | Found an ancient bone altar of Kikubaaqudgha.
 10296 | D:7      | Reached skill level 10 in Fighting
 10366 | D:8      | Noticed Maurice
 11519 | D:8      | Noticed a two-headed ogre
 11784 | D:8      | Reached *** piety under Okawaru
 11878 | D:8      | Reached XP level 11. HP: 62/73 MP: 14/14
 12338 | D:8      | Got an ichor-stained flail
 12339 | D:8      | Identified the +7 flail of the Horn {crush, rN+ MP+9 Str+2} (You found it on level 8 of the Dungeon)
 12389 | D:8      | Found a shattered altar of Ashenzari.
 12717 | D:8      | Noticed ultrashaft's ghost (novice DEFE)
 12853 | D:8      | Killed ultrashaft's ghost
 13171 | D:8      | Killed Maurice
 13171 | D:8      | Received a gift from Okawaru
 13282 | D:8      | Killed a two-headed ogre
 13513 | D:9      | Found a shadowy altar of Dithmenos.
 13513 | D:9      | Noticed Joseph
 13777 | D:9      | Noticed a two-headed ogre
 13819 | D:9      | Reached skill level 11 in Crossbows
 13865 | D:9      | Reached skill level 1 in Maces & Flails
 13877 | D:9      | Reached **** piety under Okawaru
 13888 | D:9      | Killed Joseph
 14026 | D:9      | Found a glowing silver altar of Zin.
 14138 | D:9      | Noticed a two-headed ogre
 14154 | D:9      | Killed a two-headed ogre
 14154 | D:9      | Received a gift from Okawaru
 14414 | D:9      | Found a staircase to the Orcish Mines.
 14697 | D:9      | Found a roughly hewn altar of Beogh.
 15332 | D:9      | Killed a two-headed ogre
 15332 | D:9      | Received a gift from Okawaru
 15469 | D:10     | Entered Level 10 of the Dungeon
 15564 | D:10     | Reached XP level 12. HP: 80/80 MP: 17/17
 15654 | D:10     | Noticed a two-headed ogre
 15664 | D:10     | Noticed an unseen horror
 15670 | D:10     | Killed an unseen horror
 15670 | D:10     | Received a gift from Okawaru
 16187 | D:10     | Noticed a two-headed ogre
 16196 | D:10     | Killed a two-headed ogre
 16196 | D:10     | Reached skill level 12 in Crossbows
 16405 | D:10     | Killed a two-headed ogre
 16489 | D:11     | Found a staircase to the Lair.
 16490 | D:11     | Noticed a death yak
 16490 | D:11     | Noticed a death yak
 16490 | D:11     | Noticed a death yak
 16490 | D:11     | Noticed a death yak
 16490 | D:11     | Noticed a death yak
 16547 | D:9      | Noticed a two-headed ogre
 16558 | D:9      | Killed a two-headed ogre
 16558 | D:9      | Received a gift from Okawaru
 16702 | D:11     | Reached skill level 5 in Maces & Flails
 16738 | D:11     | Found a flagged portal.
 16738 | D:11     | Noticed Fannar
 16759 | D:11     | Killed Fannar
 16759 | D:11     | Received a gift from Okawaru
 16778 | Bailey   | Entered a bailey
 16851 | Bailey   | Noticed Kaishin's ghost (novice DsIE)
 16862 | Bailey   | Killed Kaishin's ghost
 17246 | Bailey   | Identified a scroll of acquirement
 17498 | Bailey   | Noticed an orc warlord
 17527 | Bailey   | Killed an orc warlord
 17527 | Bailey   | Reached ***** piety under Okawaru
 17527 | Bailey   | Received a gift from Okawaru
 17527 | Bailey   | Reached XP level 13. HP: 33/85 MP: 18/18
 17614 | Bailey   | HP: 4/85 [orc warrior/broad axe (15)]
 18063 | Bailey   | Got a pair of warped gloves
 18275 | Bailey   | Identified the +0 pair of gloves of Untold Secrets {rElec rC- Int+3 Dex+4} (You acquired it in a bailey)
 18438 | D:11     | Received a gift from Okawaru
 18438 | D:11     | Reached skill level 13 in Crossbows
 18666 | Lair:1   | Entered Level 1 of the Lair of Beasts
 18741 | Lair:1   | Reached skill level 5 in Armour
 18741 | Lair:1   | Reached XP level 14. HP: 92/92 MP: 19/19
 18840 | Lair:1   | Reached skill level 14 in Crossbows
 18934 | Lair:1   | Received a gift from Okawaru
 19090 | Lair:1   | Reached XP level 15. HP: 80/101 MP: 20/20
 19091 | Lair:1   | Reached skill level 15 in Crossbows
 19091 | Lair:1   | Reached XP level 16. HP: 85/107 MP: 21/21
 19092 | Lair:1   | Reached skill level 16 in Crossbows
 19092 | Lair:1   | Reached XP level 17. HP: 89/112 MP: 22/22
 19178 | Lair:1   | Received a gift from Okawaru
 19336 | Lair:1   | Reached skill level 15 in Fighting
 19398 | Lair:1   | Reached skill level 17 in Crossbows
 20384 | Lair:2   | Found a staircase to the Snake Pit.
 20541 | Lair:2   | Received a gift from Okawaru
 20726 | Lair:2   | Received a gift from Okawaru
 21066 | Lair:2   | Reached skill level 15 in Dodging
 21224 | Lair:3   | Received a gift from Okawaru
 21236 | Lair:3   | Got a heavily runed plate armour {god gift}
 21237 | Lair:3   | Identified the +5 plate armour "Hupe" {Dex+4} (Okawaru gifted it to you on level 3 of the Lair of Beasts)
 21327 | Lair:3   | Reached skill level 5 in Stealth
 21468 | Lair:3   | Found a staircase to the Swamp.
 22140 | Lair:4   | Identified the Almanac of Sinister Confrontation
 22354 | Lair:4   | Found a dark tunnel.
 22372 | Volcano  | Entered a volcano
 22444 | Volcano  | Noticed Raine357's ghost (journeyman SpEn)
 22452 | Volcano  | Killed Raine357's ghost
 22804 | Volcano  | Reached XP level 18. HP: 119/119 MP: 23/23
 22859 | Volcano  | Found a radiant altar of Vehumet.
 22873 | Volcano  | Reached skill level 18 in Crossbows
 23975 | Lair:5   | Found a staircase to the Slime Pits.
 24679 | Lair:6   | Entered Level 6 of the Lair of Beasts
 27669 | D:12     | Noticed Gastronok
 27675 | D:12     | Killed Gastronok
 27675 | D:12     | Received a gift from Okawaru
 28420 | D:12     | Received a gift from Okawaru
 29290 | D:13     | Received a gift from Okawaru
 29348 | D:13     | Noticed plsesad's ghost (journeyman HaHu)
 29357 | D:13     | Killed plsesad's ghost
 29666 | D:13     | Learned a level 3 spell: Ozocubu's Armour
 29910 | D:13     | Reached skill level 1 in Spellcasting
 29910 | D:13     | Reached skill level 1 in Ice Magic
 30057 | D:14     | Received a gift from Okawaru
 30116 | D:14     | Found Ogius's Evil Emporium.
 30120 | D:14     | Found a burning altar of Makhleb.
 30229 | D:14     | Found a portal to a secret trove of treasure.
 30253 | D:14     | Reached XP level 19. HP: 90/128 MP: 24/24
 30286 | D:14     | Reached skill level 1 in Charms
 30331 | D:14     | Found a gate to the Vaults.
 30722 | D:14     | Gained mutation: You have an increased reservoir of magic. (+10% MP) [mutagenic meat]
 30723 | D:14     | Gained mutation: You are weak. (Str -2) [mutagenic meat]
 30725 | D:14     | Gained mutation: You are somewhat resistant to further mutation. [mutagenic meat]
 30954 | D:15     | Entered Level 15 of the Dungeon
 31142 | Orc:1    | Entered Level 1 of the Orcish Mines
 31204 | Orc:2    | Entered Level 2 of the Orcish Mines
 31214 | Orc:2    | Received a gift from Okawaru
 31230 | Orc:2    | Noticed Rupert
 31347 | Orc:2    | Found a staircase to the Elven Halls.
 31561 | Orc:2    | Identified the +2 ring mail of Vanity {rN+} (Okawaru gifted it to you on level 2 of the Orcish Mines)
 31718 | Orc:2    | Found Visalosm's Gadget Shoppe.
 31773 | Orc:2    | Reached skill level 5 in Ice Magic
 31778 | Orc:2    | Reached skill level 5 in Spellcasting
 32061 | Orc:2    | Found Dawiozuhi's Antique Armour Shop.
 32073 | Orc:2    | Found Jaloefie's General Store.
 32075 | Orc:2    | Found Duenapyt's Armour Shoppe.
 32395 | Orc:1    | Found a burning altar of Makhleb.
 32459 | Orc:1    | Noticed Erica
 32463 | Orc:1    | Killed Erica
 33035 | D:15     | Found a staircase to the Depths.
 34302 | Snake:1  | Entered Level 1 of the Snake Pit
 34444 | Snake:1  | Gained mutation: You expend magic power (3 MP) to strengthen your wands. [mutagenic meat]
 34840 | Snake:1  | Got a sheer robe
 35498 | Snake:2  | Reached skill level 5 in Charms
 35547 | Snake:2  | Lost mutation: You are weak. (Str -2) [mutagenic meat]
 35550 | Snake:2  | Gained mutation: You are partially covered in large bone plates. (SH +4) [mutagenic meat]
 36100 | Snake:3  | Found a sacrificial altar of Ru.
 36598 | Lair:1   | Identified the +1 robe "Mistrout" {rF+} (You found it on level 1 of the Snake Pit)
 36859 | Snake:3  | Received a gift from Okawaru
 36864 | Snake:3  | Reached skill level 10 in Stealth
 37350 | Snake:3  | Reached XP level 20. HP: 136/136 MP: 30/30
 37859 | Snake:4  | Entered Level 4 of the Snake Pit
 37868 | Snake:4  | Received a gift from Okawaru
 37907 | Snake:4  | Noticed Kirke
 37914 | Snake:4  | Killed Kirke
 38100 | Snake:4  | Received a gift from Okawaru
 38168 | Snake:4  | Received a gift from Okawaru
 38488 | Snake:4  | Received a gift from Okawaru
 38912 | Snake:4  | Got a jewelled leather armour
 38990 | Snake:4  | Received a gift from Okawaru
 39731 | Snake:4  | Reached skill level 19 in Crossbows
 39805 | Snake:4  | Got a twisted arbalest {god gift}
 39838 | Snake:4  | Got a serpentine rune of Zot
 39839 | Snake:4  | Identified the +1 arbalest "Biqiapn" {velocity, rC+ Str+4 Stlth+} (Okawaru gifted it to you on level 4 of the Snake Pit)
 40052 | Swamp:1  | Entered Level 1 of the Swamp
 40164 | Swamp:1  | Noticed Frances
 40185 | Swamp:1  | Killed Frances
 40290 | Swamp:1  | Received a gift from Okawaru
 40693 | Swamp:1  | Received a gift from Okawaru
 40700 | Swamp:1  | Reached XP level 21. HP: 141/141 MP: 37/37
 40730 | Swamp:1  | Identified the +0 leather armour of Vampiric Thralls {rElec} (You found it on level 4 of the Snake Pit)
 40733 | Swamp:1  | Got a faintly humming cloak {god gift}
 40744 | Swamp:1  | Identified the +0 cloak of Okawaru's Benevolence {rF+ rN+} (Okawaru gifted it to you on level 1 of the Swamp)
 41428 | Lair:1   | Learned a level 2 spell: Swiftness
 42905 | Swamp:3  | Noticed Louise
 43679 | Swamp:4  | Entered Level 4 of the Swamp
 43679 | Swamp:4  | Noticed Roxanne
 44064 | Swamp:4  | Killed Roxanne
 44074 | Swamp:4  | Identified Roxanne's Almanac of Moulding (You took it off Roxanne on level 4 of the Swamp)
 44131 | Swamp:4  | Noticed Bai Suzhen
 44150 | Swamp:4  | Killed Bai Suzhen
 44274 | Swamp:4  | Received a gift from Okawaru
 44475 | Swamp:4  | Got a decaying rune of Zot
 44783 | Swamp:3  | Killed Louise
 45322 | Vaults:1 | Entered Level 1 of the Vaults
 45525 | Vaults:1 | Received a gift from Okawaru
 45558 | Vaults:1 | Gained mutation: Your spells are a little easier to cast, but a little less powerful. [mutagenic meat]
 45559 | Vaults:1 | Gained mutation: You have sharp toenails. [mutagenic meat]
 45646 | Vaults:1 | Received a gift from Okawaru
 45685 | Vaults:1 | Reached XP level 22. HP: 109/150 MP: 36/38
 45729 | Vaults:1 | Received a gift from Okawaru
 46797 | Vaults:1 | Received a gift from Okawaru
 47686 | Vaults:2 | Received a gift from Okawaru
 48006 | Vaults:2 | Received a gift from Okawaru
 49204 | Vaults:2 | Gained mutation: You are occasionally teleported next to monsters. [mutagenic meat]
 49379 | Lair:1   | Lost mutation: You are occasionally teleported next to monsters. [potion of mutation]
 49379 | Lair:1   | Lost mutation: You have an increased reservoir of magic. (+10% MP) [potion of mutation]
 49379 | Lair:1   | Lost mutation: You have sharp toenails. [potion of mutation]
 49379 | Lair:1   | Lost mutation: You expend magic power (3 MP) to strengthen your wands. [potion of mutation]
 49379 | Lair:1   | Lost mutation: You are somewhat resistant to further mutation. [potion of mutation]
 49379 | Lair:1   | Lost mutation: Your spells are a little easier to cast, but a little less powerful. [potion of mutation]
 49379 | Lair:1   | Gained mutation: You evolve. [potion of mutation]
 49379 | Lair:1   | Gained mutation: Your mind is acute. (Int +2) [potion of mutation]
 49379 | Lair:1   | Gained mutation: Your mind is very acute. (Int +4) [potion of mutation]
 49758 | Vaults:2 | Reached XP level 23. HP: 156/156 MP: 36/36
 50402 | Vaults:2 | Found a staircase to the Crypt.
 50654 | Vaults:3 | Received a gift from Okawaru
 51619 | Vaults:3 | Reached ****** piety under Okawaru
 51954 | Vaults:3 | Reached skill level 20 in Crossbows
 52073 | Vaults:3 | Received a gift from Okawaru
 52162 | Vaults:3 | Found Usoixaul's Armour Shop.
 52702 | Vaults:3 | Reached skill level 21 in Crossbows
 53231 | Vaults:4 | Reached XP level 24. HP: 163/163 MP: 36/36
 53694 | Vaults:4 | Found Zouh's Jewellery Shoppe.
 53954 | Vaults:4 | Reached skill level 22 in Crossbows
 54413 | Vaults:4 | Received a gift from Okawaru
 55107 | Vaults:2 | Received a gift from Okawaru
 55533 | Vaults:4 | Bought an uncursed ring of protection from magic for 275 gold pieces
 55717 | Depths:1 | Entered Level 1 of the Depths
 55735 | Depths:1 | Got a twisted war axe
 55940 | Lair:1   | Identified the cursed +1 war axe "Gubar" {freeze, MR+ SInv} (You found it on level 1 of the Depths)
 56326 | Depths:1 | Received a gift from Okawaru
 56418 | Depths:1 | Lost mutation: You evolve. [evolution]
 56509 | Depths:1 | Gained mutation: Your flesh is heat resistant. (rF+) [mutagenic meat]
 56510 | Depths:1 | Lost mutation: Your mind is very acute. (Int +4) [mutagenic meat]
 56511 | Depths:1 | Gained mutation: You occasionally shout uncontrollably at your foes. [mutagenic meat]
 56514 | Depths:1 | Gained mutation: Your system is resistant to poisons. (rPois) [mutagenic meat]
 56515 | Depths:1 | Gained mutation: Your muscles are strong. (Str +2) [mutagenic meat]
 56698 | Depths:1 | Received a gift from Okawaru
 56955 | Depths:1 | Found a gateway to Hell.
 56987 | Depths:1 | Got an ancient demon trident
 57009 | Depths:1 | Identified the +5 demon trident of Rywogog {freeze, rF+ Int-5 Dex+7 Stlth+} (You found it on level 1 of the Depths)
 57055 | Depths:2 | Noticed Aizul
 57064 | Depths:2 | Killed Aizul
 57588 | Depths:2 | Noticed a juggernaut
 57598 | Depths:2 | Killed a juggernaut
 57598 | Depths:2 | Received a gift from Okawaru
 57610 | Depths:2 | Identified a +1 pair of boots of running (Okawaru gifted it to you on level 2 of the Depths)
 57622 | Depths:2 | Reached XP level 25. HP: 173/173 MP: 35/36
 58175 | Depths:2 | Found a gateway to a ziggurat.
 58946 | Depths:3 | Reached skill level 23 in Crossbows
 59308 | Depths:3 | Identified Sif Muna's Reference Book on Assistive Conjuration
 59893 | Depths:3 | Received a gift from Okawaru
 60063 | Depths:3 | Found a one-way gate leading to the halls of Pandemonium.
 60082 | Depths:3 | Got a smoking rapier
 60089 | Depths:3 | Identified the +9 rapier of the Dwarven Hall {freeze, rPois Stlth+} (You found it on level 3 of the Depths)
 60256 | Depths:3 | Got a shimmering lead ring
 60599 | Lair:1   | Identified the ring of Quadae {Slay+2 Stlth+} (You found it on level 3 of the Depths)
 61610 | Depths:4 | Reached skill level 24 in Crossbows
 61662 | Depths:4 | Found a one-way gate to the infinite horrors of the Abyss.
 61663 | Depths:4 | Received a gift from Okawaru
 61684 | Depths:4 | HP: 3/190 [stone giant[a glowing orange brain] (30)]
 61684 | Depths:4 | Mangled by an ice dragon

Vault maps used:
D:1:      co_arrival_random_square_maze, minmay_shallow_snake_nest
D:2:      first_bread
D:4:      lemuel_round_altar, okawaru_gym_becter, uniq_menkaure
D:5:      dancing_weapons_uskayaw, temple_fountains, serial_shops,
          nicolae_shop_competitors_out_of_business
D:6:      portal_sewer_entry_f
D:7:      yredelemnul_altar_generic, gammafunk_temple_overflow_wave,
          minmay_parallelograms
D:8:      david_nohive_1, hex_tiny, nrook_uturn, nicolae_ashenzari_panopticon,
          uniq_maurice
D:9:      old_standard_altar, minmay_orc_entry_temple_small,
          nicolae_dithmenos_shadow_blocks, uniq_joseph
D:11:     dpeg_lair_monsters, enter_bailey_2, minmay_curled_crystal, uniq_fannar
D:12:     uniq_gastronok
D:14:     david_vaults_1, enter_trove_0, nicolae_evil_shop
D:15:     hangedman_depths_entry_civil_slaughter
Lair:1:   beast_lair_carwin_5, grunt_megastairs_1
Lair:2:   dummy_snake_entry, bobbens_dragon_lair_wall, grunt_megastairs_4,
          minmay_lair_oklob_chamber, lemuel_fruit_fields, lemuel_fruit_fields
Lair:3:   swamp_mist, grunt_forest_large_clearings, lemuel_fruit_tree
Lair:4:   nicolae_volcano_entry_batcave, grunt_megastairs_5
Lair:5:   nicolae_slime_entry_slimehenge, kennysheep_catoblepas_arena,
          grunt_megastairs_3, serial_bayou_shore_b
Lair:6:   minmay_lair_end_enchanted_forest
Swamp:1:  hangedman_swamp_ruin_hall, uniq_frances
Swamp:2:  evilmike_swamp_ruin_house_2, infiniplex_staircase_pool
Swamp:3:  serial_swamp_ruin, evilmike_swamp_ruin_rubble_1,
          hangedman_swamp_ruin_wall, evilmike_swamp_ruin_house_4, swamp_pool2,
          uniq_louise
Swamp:4:  swamp_basic_johnstein, swamp_pool4, uniq_roxanne, uniq_bai_suzhen
Snake:1:  nrook_guardian_serpent_ordinary
Snake:3:  basic_altar
Snake:4:  grunt_snake_rune_pools, serial_bayou_pond_e, uniq_kirke
Orc:1:    basic_altar, uniq_erica
Orc:2:    st_orc_elflike, nicolae_orc_lava_tube, uniq_rupert
Vaults:1: grunt_vaults_trifunnel, hangedman_vaults_maws,
          nicolae_vaults_network_square, vaults_room_pool, ontoclasm_vaults_eye,
          v_misc_18, vaults_room_corners, st_more_cells
Vaults:2: v_misc_23, vaults_room_grid, v_misc_26, nicolae_vaults_alarming,
          ontoclasm_vaults_ring_square, minmay_crypt_entry_skeletal_spiral,
          ontoclasm_vaults_ligature, v_misc_23, vaults_mumra_hexcomb,
          nicolae_vaults_rhombus_5, grunt_vaults_funnel, v_misc_9, v_pattern_4,
          v_alt_pattern_1, ontoclasm_vaults_gallery
Vaults:3: v_rooms_1, vaults_dpeg_diagonal,
          vaults_standard_mumra_enter_the_diamond, hangedman_vaults_stitches,
          v_misc_5, nicolae_vaults_angled_halls, grunt_vaults_diagonal,
          ontoclasm_vaults_twist, dpeg_vaults_monster_box,
          ontoclasm_vaults_gateway, ontoclasm_vaults_chip,
          ontoclasm_vaults_ring_square, ontoclasm_vaults_ring_large,
          ontoclasm_vaults_misaligned, nicolae_vaults_little_squares_4,
          ontoclasm_vaults_ring_square, serial_ice_b,
          ontoclasm_vaults_decontamination
Vaults:4: v_misc_11, nicolae_vaults_windows_and_doors_thing,
          vaults_room_semicircle, vaults_room_ringed_pool, v_rooms_5, v_misc_10,
          nicolae_vaults_mini_display_case, grunt_vaults_twisty, serial_shops,
          shop
Depths:1: hellmouth_1, minmay_misc_feat_doors, kennysheep_generic_room_4
Depths:2: minmay_outward_triangles, enter_ziggurat_a, grunt_decor_one_mirror,
          hell_entry, moated_statue, uniq_aizul
Depths:3: radiant_caverns_b_rkd, hell_entry, pan_entry
Depths:4: evilmike_diamond_1, hell_entry, serial_shops, bzr_entry_water,
          serial_sigils_hangedman_scratch, grunt_pan_entry_spiral, abyss_entry,
          minmay_holes, lightli_giant_bouncers
Sewer:    sewer_co_purgy_island
Bailey:   bailey_axe_minmay_hex_keep, bailey
Volcano:  volcano_lake

Skill      XL: |  1  2  3  4  5  6  7  8  9 10 11 12 13 14 15 16 17 18 19 20 21 22 23 24 25 |
---------------+----------------------------------------------------------------------------+-----
Crossbows      | 5 6 7 10 11 12 13 14 15 16 17 18 19 21 22 24 | 24.1
Short Blades   | 1 |  1.0
Fighting       | 3 4 5 6 9 10 11 12 14 15 17 18 19 20 22 | 22.5
Dodging        | 3 4 5 9 11 12 13 15 17 18 19 20 21 | 21.0
Invocations    | 5 7 |  7.0
Armour         | 4 5 6 7 |  7.0
Maces & Flails | 2 6 |  6.0
Stealth        | 2 7 10 13 14 | 14.0
Spellcasting   | 2 5 9 |  9.0
Ice Magic      | 3 6 8 9 |  9.0
Charms         | 5 8 |  8.0
Axes           | |  0.1

Action                   |  1- 3 |  4- 6 |  7- 9 | 10-12 | 13-15 | 16-18 | 19-21 | 22-24 | 25-27 || total
-------------------------+-------+-------+-------+-------+-------+-------+-------+-------+-------++-------
Melee: Short sword       |    84 |   201 |   152 |     7 |       |       |       |       |       ||   444
       Hand axe          |       |       |   180 |    81 |       |       |       |       |       ||   261
       Flail             |       |       |       |   859 |    72 |       |       |       |       ||   931
       Dagger            |       |       |       |   182 |       |       |       |       |       ||   182
       War axe           |       |       |       |    45 |       |       |       |       |       ||    45
       Punch             |       |       |       |     3 |     3 |       |       |       |       ||     6
       Demon trident     |       |       |       |       |       |       |       |       |     2 ||     2
 Fire: Hand crossbow     |     5 |    26 |    75 |    74 |       |       |       |       |       ||   180
       Blowgun           |       |       |       |    11 |       |       |       |       |       ||    11
       Arbalest          |       |       |       |       |    48 |  1005 |  1545 |  1666 |    56 ||  4320
       Shortbow          |       |       |       |       |       |     3 |       |       |       ||     3
       Triple crossbow   |       |       |       |       |       |       |       |    88 |   476 ||   564
Throw: Stone             |       |       |     2 |     3 |       |       |       |       |       ||     5
       Tomahawk          |       |       |       |     8 |       |       |       |       |       ||     8
 Cast: Ozocubu's Armour  |       |       |       |       |       |       |     7 |    13 |       ||    20
       Swiftness         |       |       |       |       |       |       |     1 |     2 |       ||     3
Invok: Heroism           |       |       |       |    16 |     4 |    13 |    21 |    17 |    11 ||    82
       Finesse           |       |       |       |       |       |     4 |    10 |     2 |     1 ||    17
Evoke: Wand              |       |       |     3 |    12 |       |       |       |       |       ||    15
  Use: Potion            |       |       |    14 |     1 |     4 |     3 |     4 |     7 |     6 ||    39
       Scroll            |       |       |     7 |    14 |     4 |    10 |    13 |     9 |     5 ||    62
 Stab: Sleeping          |     5 |     2 |       |     2 |     1 |       |       |       |       ||    10
       Distracted        |       |       |     1 |     1 |       |       |       |       |       ||     2
       Paralysed         |       |       |       |    30 |       |       |       |       |       ||    30
  Eat: Chunk             |    11 |     6 |    11 |    50 |     5 |    33 |    69 |    46 |     9 ||   240
Armor: Leather armour    |    17 |    39 |    62 |   274 |    12 |    22 |       |       |       ||   426
       Skin              |       |       |     8 |    10 |       |       |       |       |       ||    18
       Steam dragon scal |       |       |       |       |       |    68 |    87 |   143 |    37 ||   335
Dodge: Dodged            |    54 |   186 |   399 |  1394 |   100 |   586 |   715 |  1197 |   362 ||  4993
Block: Other             |       |       |       |       |       |       |   160 |   170 |    36 ||   366
       Reflection        |       |       |       |       |       |       |    11 |       |       ||    11
